 Dungeon Crawl Stone Soup version 0.19-a0-1368-g41a3d51 (webtiles) character file.

176525 PurpleRed the Eclecticist (level 17, 0/88 HPs)
             Began as a Deep Elf Conjurer on Aug 31, 2016.
             Was the Champion of Vehumet.
             Succumbed to a merfolk impaler's poison
             ... on level 3 of the Shoals on Sept 2, 2016.
             The game lasted 02:56:50 (10982 turns).

PurpleRed the Eclecticist (Deep Elf Conjurer)      Turns: 10982, Time: 02:56:51

Health: 0/88       AC: 18    Str:  8    XL:     17   Next: 24%
Magic:  14/51      EV: 16    Int: 28    God:    Vehumet [******]
Gold:   480        SH:  6    Dex: 19    Spells: 13 memorised, 6 levels left

rFire  + + +     SeeInvis +     b - staff of fire
rCold  x x x     Gourm    .     P - +2 robe {MR+}
rNeg   . . .     Faith    .     Y - +0 buckler
rPois  +         Spirit   .     m - +1 helmet {SInv}
rElec  +         Dismiss  .     F - +1 cloak {rPois}
rCorr  .         Reflect  .     X - +2 pair of gloves {Str+3}
MR     ++...     Harm     .     C - +0 pair of boots
Stlth  ++........               V - amulet of magic regeneration
                                I - ring of Paent {Fire rElec MP+9 Dex+6}
                                e - +6 ring of protection

@: lethally poisoned (0 -> -3), immune to fire clouds, delayed fireball
A: talons 1, clumsy 1, wild magic 1
a: Renounce Religion, Release Delayed Fireball
}: 1/15 runes: serpentine


You were on level 3 of the Shoals.
You worshipped Vehumet.
Vehumet was exalted by your worship.
You were not hungry.

You visited 7 branches of the dungeon, and saw 30 of its levels.
You also visited: Labyrinth and Volcano.

You collected 2348 gold pieces.
You spent 1868 gold pieces at shops.

Inventory:

Armour
 m - a +1 helmet of see invisible (worn)
 z - a troll hide
 A - a +2 cloak of invisibility
 C - a +0 pair of boots (worn)
 F - a +1 cloak of poison resistance (worn)
 H - a +2 robe of cold resistance
 P - a +2 robe of magic resistance (worn)
 X - a +2 pair of gloves of strength (worn)
 Y - a +0 buckler (worn)
Magical Staves
 a - an uncursed staff of energy
 b - an uncursed staff of fire (weapon)
Rods
 r - a +2 lightning rod (12/12)
   (You found it on level 1 of the Lair of Beasts)
 M - a +1 rod of inaccuracy (10/10)
   (You found it in a labyrinth)
Jewellery
 e - a +6 ring of protection (left hand)
 o - an uncursed ring of resist corrosion
 w - the amulet of the Final Decision {Gourm rElec rF+ rN+ Int+7}
   (You took it off a deep elf demonologist on level 3 of the Elven Halls)

   [amulet of the gourmand]

   It allows you to eat raw meat even when not hungry.
   It affects your intelligence (+7).
   It protects you from fire.
   It insulates you from electricity.
   It protects you from negative energy.
 I - the ring of Paent (right hand) {Fire rElec MP+9 Dex+6}
   (You found it in a labyrinth)

   [ring of fire]

   It enhances your fire magic.
   It affects your dexterity (+6).
   It protects you from fire.
   It makes you vulnerable to cold.
   It insulates you from electricity.
   It affects your magic capacity (+9).
 N - an uncursed ring of protection from fire
 Q - the ring "Anelaeweju" {+Fly Str+4 Slay+2 Stlth+}
   (You took it off a deep elf sorcerer on level 1 of the Elven Halls)

   [ring of flight]

   It affects your strength (+4).
   It affects your accuracy and damage with ranged weapons and melee attacks
   (+2).
   It lets you fly.
   It makes you more stealthy.
 V - an amulet of magic regeneration (around neck)
 W - an uncursed ring of positive energy
Wands
 k - a wand of teleportation (8/9)
 t - a wand of lightning (7/15)
 D - a wand of paralysis (11/24)
 S - a wand of disintegration (15/24)
Scrolls
 f - 3 scrolls of immolation
 i - a scroll of fog
 q - 4 scrolls of remove curse
 x - 3 scrolls of amnesia
 G - 4 scrolls of teleportation
 K - 3 scrolls of magic mapping
 U - a scroll of identify
 Z - 2 scrolls of recharging
Potions
 j - 3 potions of flight
 n - a potion of magic
 p - 2 potions of brilliance
 v - 8 potions of curing
 B - 3 potions of ambrosia
 E - 3 potions of heal wounds
 L - 2 potions of resistance
 O - a potion of haste
 R - a potion of cure mutation
 T - 4 potions of agility
Books
 d - a book of the Tempests

   Spells                             Type                      Level
   a - Static Discharge               Conjuration/Air              3
   b - Lightning Bolt                 Conjuration/Air              5
   c - Fireball                       Conjuration/Fire             5
   d - Tornado                        Air                          9
   e - Shatter                        Earth                        9
 l - a book of Spatial Translocations

   Spells                             Type                      Level
   a - Apportation                    Translocation                1
   b - Blink                          Translocation                2
   c - Shroud of Golubria             Charms/Translocation         2
   d - Portal Projectile              Translocation                3
   e - Teleport Other                 Translocation                3
   f - Passage of Golubria            Translocation                4
 y - a book of Enchantments

   Spells                             Type                      Level
   a - Cause Fear                     Hexes                        4
   b - Yara's Violent Unravelling     Hexes/Transmutation          5
   c - Silence                        Hexes/Air                    5
   d - Deflect Missiles               Charms/Air                   6
   e - Haste                          Charms                       6
   f - Discord                        Hexes                        8
 J - a book of Necromancy

   Spells                             Type                      Level
   a - Pain                           Necromancy                   1
   b - Animate Skeleton               Necromancy                   1
   c - Vampiric Draining              Necromancy                   3
   d - Regeneration                   Charms/Necromancy            3
   e - Animate Dead                   Necromancy                   4
   f - Control Undead                 Necromancy                   4
Miscellaneous
 g - a lamp of fire
 h - 2 phantom mirrors
Comestibles
 c - 9 bread rations
 s - 9 fruits
 u - 12 meat rations


   Skills:
 - Level 4.0 Fighting
 - Level 5.2 Dodging
 - Level 2.4 Stealth
 - Level 4.5 Shields
 + Level 19.0 Spellcasting
 + Level 18.0 Conjurations
 - Level 11.3 Charms
 - Level 3.8 Translocations
 + Level 17.1 Fire Magic
 + Level 9.3 Evocations


You had 6 spell levels left.
You knew the following spells:

 Your Spells              Type           Power        Failure   Level  Hunger
a - Magic Dart            Conj           ####         1%          1    None
b - Searing Ray           Conj           ######       1%          2    None
c - Iskenderun's Mystic   Conj           ########     1%          4    None
d - Iskenderun's Battles  Conj/Chrm      #######.     1%          5    None
e - Fireball              Conj/Fire      #########.   1%          5    None
f - Blink                 Tloc           N/A          1%          2    None
g - Bolt of Fire          Conj/Fire      #########.   1%          6    #......
h - Apportation           Tloc           ######....   1%          1    None
i - Sticky Flame          Conj/Fire      ########     1%          4    None
j - Haste                 Chrm           #######.     4%          6    #......
k - Delayed Fireball      Conj/Fire      N/A          1%          7    ####...
l - Ring of Flames        Chrm/Fire      #########.   10%         7    ####...
r - Regeneration          Chrm/Necr      ######....   1%          3    None


Dungeon Overview and Level Annotations

Branches:
Dungeon (10/15)              Lair (6/6) D:8          Shoals (4/4) Lair:2
  Snake (4/4) Lair:2        Slime (1/5) Lair:5          Orc (2/2) D:10
    Elf (3/3) Orc:2
 Temple: D:4-7

Altars:
Elyvilon
Fedhas
Gozag
Hepliaklqana
Nemelex Xobeh
Sif Muna
Trog
Uskayaw
Vehumet
Beogh
Jiyva

Shops:
D:8 :   Orc:1 !   Orc:2 [:[[   Elf:2 ?   Elf:3 [

Annotations:
D:9 Geoffrax's ghost, novice DgWn
Lair:2 PurpleRed's ghost, adept DECj
Shoals:3 Nikola; Polyphemus


Innate Abilities, Weirdness & Mutations

You are immune to clouds of flame.
You have sharp toenails.
You are clumsy. (Dex -2)
Your spells are a little harder to cast, but a little more powerful.


Message History

Aim: a merfolk aquamancer, wielding a rapier and wearing a robe (steam, heavily wounded)
You feel a huge surge of power!
The fireball explodes!
The fireball engulfs the merfolk aquamancer.
You kill the merfolk aquamancer!
Vehumet accepts your kill.
You feel your power returning.
The fireball engulfs Ilsuiw.
You kill Ilsuiw!
Vehumet accepts your kill.
Vehumet offers you knowledge of Iron Shot.
You feel your power returning.
You feel sick.
The merfolk aquamancer is engulfed in a cloud of scalding steam.
A merfolk impaler and 2 merfolk aquamancers come into view.
You feel sick.
The merfolk aquamancer is engulfed in a cloud of scalding steam.
The merfolk aquamancer points at you and mumbles some strange words.
The shard of ice hits you!
You feel a painful chill!
* * * LOW HITPOINT WARNING * * *
You climb upwards.
Level annotation: Nikola; Polyphemus You die...

≈≈≈≈≈≈≈.[......≈≈†.≈≈
≈≈≈≈≈≈≈...(.≈.≈†≈..≈≈
≈≈≈..≈≈<.##(...≈≈PPHP
≈≈≈......##.(...PPPP#
≈≈......##......#### # .
≈≈....#####.≈...#### .#.>
≈≈≈....####.≈≈(....# .....
≈≈......>...≈...([.##.≈....
≈≈..........≈≈.@≈.((.≈≈≈≈..
≈≈≈≈≈.......≈≈≈≈≈≈(..≈≈≈≈≈≈
≈≈≈≈≈.....≈≈≈≈≈≈≈≈≈≈≈≈≈≈≈≈
≈≈≈≈≈≈.≈≈≈≈≈≈≈≈≈≈≈≈≈≈≈≈≈≈≈
≈≈≈≈≈≈≈≈≈≈≈≈≈≈≈≈≈≈≈≈≈≈≈≈≈≈
≈≈≈≈≈≈≈≈≈≈≈≈≈≈≈≈≈≈≈≈≈≈≈≈≈≈
≈≈≈≈≈≈≈≈≈≈≈≈≈≈≈≈≈≈≈≈≈≈≈≈≈≈
≈≈≈≈≈≈≈≈≈≈≈≈≈≈≈≈≈≈≈≈≈≈≈≈≈≈
≈≈≈≈≈≈≈≈≈≈≈≈≈≈≈≈≈≈≈≈≈≈≈≈≈


There were no monsters in sight!

Vanquished Creatures
  Rupert (Orc:2)
  A kraken (Shoals:2)
  A deep elf blademaster (Elf:3)
  A deep elf master archer (Elf:3)
  The ghost of JuicyBBC the Eclecticist, an adept DECj of Sif Muna (Shoals:4)
  Ilsuiw (Shoals:4)
  8 greater nagas
  Donald (Shoals:3)
  5 deep elf sorcerers
  4 deep elf elementalists (Elf:3)
  An entropy weaver (Lair:6)
  5 deep elf annihilators (Elf:3)
  3 deep elf demonologists (Elf:3)
  2 merfolk javelineers (Shoals:2)
  3 merfolk impalers
  The ghost of TheGoonsmith the Earth Mage, a journeyman GrEE of Vehumet (Lair:4)
  5 deep elf high priests (Elf:3)
  A minotaur (Lab)
  2 ogre magi (Orc:2)
  5 hydras
  13 naga warriors
  A catoblepas (Lair:5)
  Erica (D:8)
  2 merfolk avatars (Shoals:2)
  8 anacondas
  A merfolk aquamancer (Shoals:4)
  8 dancing weapons
  8 naga sharpshooters
  A satyr (Shoals:3)
  3 shock serpents
  An iron troll (Orc:2)
  A deep elf knight (Elf:3)
  A salamander mystic (Snake:2)
  10 sea snakes
  A deep troll (Orc:2)
  8 deep elf archers
  5 harpies (Shoals:2)
  A naga ritualist (Snake:2)
  3 orc knights (Orc:1)
  3 hill giants
  3 cyclopes
  5 mana vipers
  25 deep elf magi
  3 griffons
  An oklob plant (Orc:1)
  6 fauns
  An orc sorcerer (Orc:2)
  4 salamanders
  6 manticores
  6 guardian serpents
  2 sirens
  An elephant (Lair:1)
  A water nymph (Shoals:2)
  14 black mambas
  11 naga magi
  A spiny frog (Lair:6)
  3 komodo dragons
  10 merfolk
  A polar bear (Lair:5)
  8 two-headed ogres
  11 trolls
  Grinder (D:4)
  6 blink frogs
  A boulder beetle (Lair:4)
  5 snapping turtles
  4 dream sheep (Shoals:1)
  2 flying skulls (Volcano)
  2 air elementals
  A redback (Lab)
  A spriggan (Lair:1)
  5 water elementals
  A fire elemental (Elf:1)
  2 hill giant zombies (D:10)
  6 hippogriffs
  2 wyverns
  A basilisk (Lab)
  2 vampires (Volcano)
  4 hungry ghosts
  2 golden eyes (Slime:1)
  4 yaks (Lair:3)
  A warg (Orc:2)
  Menkaure (D:7)
  35 nagas
  2 hell hounds (D:8)
  8 soldier ants
  9 porcupines
  3 water moccasins
  3 sky beasts
  13 orc warriors
  A black bear (D:6)
  2 ice beasts
  18 wolves
  25 ogres
  2 phantoms
  3 crocodiles
  13 giant frogs
  2 earth elementals
  4 scorpions
  13 wights
  An electric eel (Lair:2)
  2 crimson imps
  A giant frog zombie (D:9)
  11 orc priests
  6 orc wizards
  A gnoll shaman (D:6)
  6 iguanas
  Natasha (D:3)
  11 worker ants
  3 ogre zombies (D:10)
  A hound zombie (D:6)
  2 mummies (Volcano)
  5 adders
  8 gnolls
  21 river rats
  A shadow imp (D:7)
  An adder skeleton (D:4)
  A worm (D:4)
  2 dart slugs (D:2)
  35 orcs
  3 bats
  2 giant cockroaches (D:7)
  A goblin (D:4)
  7 hobgoblins
  11 jackals
  A kobold (D:3)
  2 quokkas
  2 giant newts
  A goblin skeleton (D:10)
  2 goblin zombies (D:10)
  A hobgoblin skeleton (D:10)
  3 hobgoblin zombies (D:10)
  2 orc skeletons (D:10)
  4 orc zombies (D:10)
  A quokka skeleton (D:9)
  A quokka zombie (D:6)
  2 rats (D:2)
  A bush (Lair:1)
  A butterfly (Lair:1)
  3 fungi
  9 plants
  A tentacle (Shoals:2)
646 creatures vanquished.

Vanquished Creatures (others)
  An air elemental (Elf:1)
  A water elemental (Elf:3)
  A water moccasin (Lair:5)
  A fungus (Lair:2)
  3 plants (Lair:1)
  3 tentacles (Shoals:2)
10 creatures vanquished.

Grand Total: 656 creatures vanquished

Notes
Turn   | Place    | Note
-------+----------+-------------------------------------------
     0 | D:1      | PurpleRed the Deep Elf Conjurer began the quest for the Orb.
     0 | D:1      | Reached XP level 1. HP: 10/10 MP: 6/6
    29 | D:2      | Found a white marble altar of Elyvilon.
    32 | D:2      | Found a sparkling altar of Nemelex Xobeh.
    32 | D:2      | Found a hazy altar of Hepliaklqana.
    33 | D:2      | Found a bloodstained altar of Trog.
    69 | D:2      | Noticed Natasha
    87 | D:3      | Killed Natasha
    87 | D:3      | Reached skill level 5 in Conjurations
    87 | D:3      | Reached XP level 2. HP: 8/15 MP: 0/8
    87 | D:3      | Reached XP level 3. HP: 10/19 MP: 0/10
    91 | D:3      | Learned a level 2 spell: Searing Ray
   113 | D:2      | Found a hide-covered altar of Uskayaw.
   209 | D:3      | Reached skill level 4 in Spellcasting
   223 | D:4      | Noticed a scorpion
   231 | D:4      | Killed a scorpion
   231 | D:4      | Reached XP level 4. HP: 23/24 MP: 2/12
   433 | D:4      | Found an opulent altar of Gozag.
   459 | D:4      | Noticed an ogre
   467 | D:4      | Killed an ogre
   467 | D:4      | Reached skill level 5 in Spellcasting
   467 | D:4      | Reached XP level 5. HP: 28/28 MP: 8/14
   473 | D:4      | Learned a level 4 spell: Iskenderun's Mystic Blast
   479 | D:4      | Learned a level 5 spell: Iskenderun's Battlesphere
   488 | D:4      | Found a radiant altar of Vehumet.
   498 | D:4      | Became a worshipper of Vehumet
   581 | D:4      | You fall through a shaft for 3 floors!
   581 | D:7      | Noticed a sky beast
   585 | D:7      | Reached XP level 6. HP: 20/32 MP: 1/16
   685 | D:7      | Killed a sky beast
   685 | D:7      | Reached skill level 6 in Spellcasting
   794 | D:7      | Noticed a human
   794 | D:7      | Noticed a hog
   794 | D:7      | Noticed a hog
   847 | D:7      | Noticed an ice beast
   854 | D:7      | Killed an ice beast
   854 | D:7      | Reached XP level 7. HP: 28/36 MP: 11/18
   885 | D:7      | Reached skill level 1 in Charms
   949 | D:5      | Entered Level 5 of the Dungeon
  1066 | D:5      | Reached skill level 7 in Spellcasting
  1106 | D:5      | Reached * piety under Vehumet
  1106 | D:5      | Offered knowledge of Freeze by Vehumet.
  1189 | D:4      | Noticed Grinder
  1201 | D:4      | Killed Grinder
  1201 | D:4      | Reached XP level 8. HP: 11/41 MP: 0/21
  1581 | D:6      | Reached skill level 5 in Charms
  1583 | D:6      | Reached skill level 8 in Spellcasting
  1642 | D:6      | Reached skill level 10 in Conjurations
  1832 | D:8      | Noticed Erica
  1839 | D:8      | Killed Erica
  1839 | D:8      | Reached skill level 9 in Spellcasting
  1839 | D:8      | Reached XP level 9. HP: 16/45 MP: 5/24
  1905 | D:8      | Found a staircase to the Lair.
  1918 | D:8      | Reached ** piety under Vehumet
  1918 | D:8      | Offered knowledge of Throw Frost by Vehumet.
  2020 | D:8      | Noticed a hill giant
  2031 | D:8      | Killed a hill giant
  2031 | D:8      | Reached skill level 10 in Spellcasting
  2050 | D:7      | Noticed Menkaure
  2054 | D:7      | Killed Menkaure
  2108 | D:8      | Learned a level 1 spell: Apportation
  2111 | D:8      | Learned a level 2 spell: Blink
  2124 | D:9      | Reached skill level 1 in Translocations
  2187 | D:9      | Noticed Geoffrax's ghost (novice DgWn)
  2239 | D:8      | Reached XP level 10. HP: 50/50 MP: 0/26
  2259 | D:8      | Found a deep blue altar of Sif Muna.
  2315 | D:8      | Found Aququ's Book Shop.
  2410 | D:9      | Offered knowledge of Mephitic Cloud by Vehumet.
  2421 | D:9      | Learned a level 3 spell: Mephitic Cloud
  2501 | D:9      | Reached skill level 11 in Spellcasting
  2654 | D:10     | Entered Level 10 of the Dungeon
  2717 | D:10     | Reached *** piety under Vehumet
  2955 | D:8      | Bought a book of Flames for 350 gold pieces
  2961 | D:8      | Learned a level 5 spell: Fireball
  2966 | D:8      | Learned a level 4 spell: Sticky Flame
  2998 | Lair:1   | Entered Level 1 of the Lair of Beasts
  3134 | Lair:1   | Found a labyrinth entrance.
  3143 | Lab      | Entered a labyrinth
  3319 | Lab      | Reached skill level 1 in Fire Magic
  3566 | Lab      | Noticed a minotaur
  3602 | Lab      | Killed a minotaur
  3618 | Lab      | Got a wavering iron ring
  3619 | Lab      | Got a dazzling hunting sling
  3623 | Lab      | Identified the ring of Paent {Fire rElec MP+9 Dex+6} (You found it in a labyrinth)
  3655 | Lab      | Identified a +1 rod of inaccuracy (10/10) (You found it in a labyrinth)
  3693 | Lair:1   | Offered knowledge of Airstrike by Vehumet.
  3693 | Lair:1   | Reached skill level 12 in Spellcasting
  3785 | Lair:2   | Noticed PurpleRed's ghost (adept DECj)
  3802 | Lair:1   | Reached XP level 11. HP: 49/54 MP: 29/29
  3813 | Lair:1   | Noticed a griffon
  3819 | Lair:1   | Killed a griffon
  3904 | Lair:1   | Reached skill level 5 in Fire Magic
  3959 | Lair:2   | Noticed a four-headed hydra
  3965 | Lair:2   | Killed a four-headed hydra
  4055 | Lair:1   | Reached **** piety under Vehumet
  4115 | Lair:2   | Found a staircase to the Shoals.
  4115 | Lair:2   | Noticed a griffon
  4127 | Lair:2   | Killed a griffon
  4160 | Shoals:1 | Entered Level 1 of the Shoals
  4216 | Lair:3   | Noticed a seven-headed hydra
  4221 | Lair:3   | Killed a seven-headed hydra
  4445 | Lair:3   | Offered knowledge of Force Lance by Vehumet.
  4568 | Lair:4   | Reached skill level 13 in Spellcasting
  4625 | Lair:4   | Noticed TheGoonsmith's ghost (journeyman GrEE)
  4627 | Lair:4   | Killed TheGoonsmith's ghost
  4661 | Lair:4   | Reached XP level 12. HP: 59/59 MP: 21/31
  4782 | Lair:5   | Noticed a catoblepas
  4792 | Lair:5   | Killed a catoblepas
  4836 | Lair:5   | Found a viscous altar of Jiyva.
  4837 | Lair:5   | Found a staircase to the Slime Pits.
  4842 | Slime:1  | Entered Level 1 of the Pits of Slime
  4875 | Lair:5   | Found a dark tunnel.
  4902 | Volcano  | Entered a volcano
  5103 | Lair:6   | Entered Level 6 of the Lair of Beasts
  5120 | Lair:6   | Noticed an entropy weaver
  5121 | Lair:6   | Killed an entropy weaver
  5124 | Lair:6   | Reached ***** piety under Vehumet
  5136 | Lair:6   | Offered knowledge of Poison Arrow by Vehumet.
  5213 | Lair:5   | Noticed a five-headed hydra
  5223 | Lair:5   | Killed a five-headed hydra
  5223 | Lair:5   | Reached skill level 5 in Dodging
  5286 | Lair:4   | Noticed an eight-headed hydra
  5293 | Lair:4   | Killed an eight-headed hydra
  5293 | Lair:4   | Reached skill level 10 in Fire Magic
  5572 | Lair:3   | Identified the +9 hunting sling of Kafes {speed, Str+9} (You found it in a labyrinth)
  5686 | Lair:2   | Noticed a four-headed hydra
  5689 | Lair:2   | Killed a four-headed hydra
  5689 | Lair:2   | Reached skill level 1 in Fighting
  5689 | Lair:2   | Reached skill level 14 in Spellcasting
  6064 | D:10     | Found a staircase to the Orcish Mines.
  6128 | Orc:1    | Entered Level 1 of the Orcish Mines
  6163 | Orc:2    | Entered Level 2 of the Orcish Mines
  6163 | Orc:2    | Found Zadghud's Armour Shop.
  6163 | Orc:2    | Noticed Rupert
  6337 | Orc:1    | Offered knowledge of Bolt of Fire by Vehumet.
  6346 | Orc:1    | Learned a level 6 spell: Bolt of Fire
  6439 | Orc:1    | Reached XP level 13. HP: 66/66 MP: 33/33
  6556 | Orc:1    | Found Coet Doj's Distillery.
  6612 | Orc:1    | Bought a potion of degeneration for 15 gold pieces
  6613 | Orc:1    | Bought a potion of heal wounds for 75 gold pieces
  6642 | Orc:2    | Found a staircase to the Elven Halls.
  6667 | Orc:2    | Killed Rupert
  6667 | Orc:2    | Reached skill level 10 in Charms
  6823 | Orc:2    | Found Woociatt's Weapon Shop.
  6938 | Orc:2    | Found Naoqel's Book Boutique.
  6967 | Orc:2    | Found Etobia's Armour Shoppe.
  6970 | Orc:2    | Found a roughly hewn altar of Beogh.
  6980 | Orc:2    | Found Sucekaum's Armour Boutique.
  7029 | Orc:2    | Bought a +0 pair of gloves for 63 gold pieces
  7059 | Orc:2    | Bought a book of Necromancy for 420 gold pieces
  7063 | Orc:2    | Learned a level 3 spell: Regeneration
  7064 | Orc:2    | Bought the Disquisition on Shape Shifting and Boosts for 644 gold pieces
  7071 | Orc:2    | Learned a level 6 spell: Haste
  7157 | Orc:2    | Bought a +1 cloak of poison resistance for 148 gold pieces
  7169 | Orc:2    | Upgraded the game from 0.19-a0-1326-gee3fcf6 to 0.19-a0-1344-g0798fd6
  7169 | Orc:2    | Upgraded the game from 0.19-a0-1344-g0798fd6 to 0.19-a0-1361-g42bf4bf
  7169 | Orc:2    | Upgraded the game from 0.19-a0-1361-g42bf4bf to 0.19-a0-1368-g41a3d51
  7181 | Elf:1    | Entered Level 1 of the Elven Halls
  7192 | Elf:1    | Reached skill level 1 in Shields
  7192 | Elf:1    | Reached skill level 15 in Spellcasting
  7196 | Elf:1    | Reached skill level 15 in Conjurations
  7302 | Elf:1    | Offered knowledge of Delayed Fireball by Vehumet.
  7302 | Elf:1    | Reached XP level 14. HP: 55/76 MP: 14/35
  7320 | Elf:1    | Learned a level 7 spell: Delayed Fireball
  7593 | Elf:1    | Noticed a deep elf sorcerer
  7604 | Elf:2    | Found Poiss's Magic Scroll Shop.
  7637 | Elf:3    | Entered Level 3 of the Elven Halls
  7683 | Elf:3    | Found Luhicig's Antique Armour Shop.
  7712 | Elf:3    | Noticed a deep elf sorcerer
  7718 | Elf:3    | Noticed a deep elf elementalist
  7811 | Elf:3    | Killed a deep elf sorcerer
  7817 | Elf:3    | Killed a deep elf elementalist
  7968 | Elf:3    | Noticed an Ice Fiend
  7978 | Elf:3    | Noticed a deep elf master archer
  7982 | Elf:3    | Killed a deep elf master archer
  7982 | Elf:3    | Reached skill level 16 in Spellcasting
  8006 | Elf:3    | Noticed a deep elf elementalist
  8009 | Elf:3    | Killed a deep elf elementalist
  8076 | Elf:3    | Noticed a deep elf elementalist
  8099 | Elf:3    | Noticed a deep elf sorcerer
  8100 | Elf:3    | Killed a deep elf sorcerer
  8133 | Elf:3    | Killed a deep elf elementalist
  8154 | Elf:3    | Noticed a deep elf sorcerer
  8157 | Elf:3    | Killed a deep elf sorcerer
  8237 | Elf:3    | Noticed a deep elf sorcerer
  8237 | Elf:3    | Killed a deep elf sorcerer
  8247 | Elf:3    | Reached XP level 15. HP: 80/80 MP: 32/37
  8387 | Elf:3    | Noticed a deep elf blademaster
  8390 | Elf:3    | Killed a deep elf blademaster
  8390 | Elf:3    | Reached skill level 15 in Fire Magic
  8410 | Elf:3    | Got a vibrating ruby amulet
  8457 | Elf:3    | Identified the amulet of the Final Decision {Gourm rElec rF+ rN+ Int+7} (You took it off a deep elf demonologist on level 3 of the Elven Halls)
  8572 | Elf:3    | Bought a pair of runed gloves for 153 gold pieces
  8620 | Elf:2    | Reached skill level 1 in Evocations
  8632 | Elf:1    | Killed a deep elf sorcerer
  8634 | Elf:1    | Got a pitted jade ring
  8636 | Elf:1    | Identified the ring "Anelaeweju" {+Fly Str+4 Slay+2 Stlth+} (You took it off a deep elf sorcerer on level 1 of the Elven Halls)
  8880 | Lair:2   | Found a staircase to the Snake Pit.
  8898 | Snake:1  | Entered Level 1 of the Snake Pit
  8949 | Snake:2  | Noticed a greater naga
  9047 | Snake:1  | Found a blossoming altar of Fedhas.
  9126 | Snake:1  | Reached skill level 17 in Spellcasting
  9248 | Snake:2  | Offered knowledge of Bolt of Draining by Vehumet.
  9309 | Snake:2  | Gained mutation: You are clumsy. (Dex -2) [potion of mutation]
  9309 | Snake:2  | Gained mutation: You have sharp toenails. [potion of mutation]
  9309 | Snake:2  | Gained mutation: Your spells are a little harder to cast, but a little more powerful. [potion of mutation]
  9398 | Snake:4  | Entered Level 4 of the Snake Pit
  9522 | Snake:4  | Noticed a greater naga
  9523 | Snake:4  | Noticed a greater naga
  9525 | Snake:4  | Killed a greater naga
  9525 | Snake:4  | Reached skill level 5 in Evocations
  9538 | Snake:4  | Killed a greater naga
  9585 | Snake:4  | Reached XP level 16. HP: 84/84 MP: 8/39
  9593 | Snake:4  | Reached ****** piety under Vehumet
  9707 | Snake:4  | Learned a level 7 spell: Ring of Flames
  9854 | Snake:4  | Reached skill level 18 in Spellcasting
 10065 | Snake:4  | Got a serpentine rune of Zot
 10195 | Snake:2  | Offered knowledge of Spellforged Servitor by Vehumet.
 10345 | Shoals:2 | Noticed a kraken
 10352 | Shoals:2 | Killed a kraken
 10498 | Shoals:3 | Noticed Nikola
 10500 | Shoals:3 | Noticed Polyphemus
 10548 | Shoals:2 | Found a runed door.
 10591 | Shoals:2 | Reached XP level 17. HP: 83/88 MP: 41/41
 10891 | Shoals:3 | Noticed Donald
 10894 | Shoals:3 | Killed Donald
 10950 | Shoals:4 | Entered Level 4 of the Shoals
 10962 | Shoals:4 | Noticed JuicyBBC's ghost (adept DECj)
 10973 | Shoals:4 | Killed JuicyBBC's ghost
 10973 | Shoals:4 | Reached skill level 19 in Spellcasting
 10979 | Shoals:4 | Noticed Ilsuiw
 10980 | Shoals:4 | Killed Ilsuiw
 10980 | Shoals:4 | Offered knowledge of Iron Shot by Vehumet.
 10981 | Shoals:4 | HP: 1/88 [merfolk aquamancer/shard of ice (38)]
 10982 | Shoals:3 | Succumbed to a merfolk impaler's poison

Vault maps used:
D:1:      dpeg_arrival_rooms_with_view
D:2:      grunt_temple_overflow_open, first_bread, kennysheep_cluttered_room,
          uniq_natasha
D:3:      uniq_terence
D:4:      nicolae_gozag_seed_capital, vehumet_altar_wand_db, uniq_grinder
D:5:      serial_shops, shop_fountains, minivault_23, minivault_26
D:6:      black_bear_nest_1, grunt_dithmenos_smoke, uniq_eustachio
D:7:      grunt_livestock, uniq_menkaure
D:8:      minmay_lair_entry_lava, basic_altar, serial_shops, shop_statue,
          uniq_erica
D:10:     zombieorc1_lemuel, basic_altar
Lair:1:   beast_lair_carwin_large_2, lab_entry_generic,
          grunt_forest_large_clearing_hut, lemuel_fruit_fields
Lair:2:   minmay_shoals_entry_beasts, minmay_snake_entry_guardpost_small,
          beast_lair_carwin_9, serial_bayou_shore_a, infiniplex_staircase_pool
Lair:3:   beast_lair_carwin_10
Lair:5:   dpeg_slime_entry_enclosed_altar, nicolae_volcano_entry_lava_flow
Lair:6:   gammafunk_lair_ancient_temple, minivault_29
Shoals:2: lightli_airlock
Shoals:3: uniq_polyphemus, uniq_nikola, uniq_donald, uniq_kirke
Shoals:4: shoals_end_grunt_ice, shoal_ilsuiw, nicolae_shoals_drake_roost
Snake:1:  basic_altar
Snake:2:  grunt_megastairs_2
Snake:4:  grunt_snake_rune_pools, uniq_louise
Orc:1:    cheibrodos_orc_bank, serial_shops, nicolae_shop_stone, mines3_lemuel
Orc:2:    st_orc_open, serial_shops, nicolae_shop_waterfront, basic_altar,
          uniq_rupert
Elf:1:    portal_desolation_entry_ruin, minivault_28, uniq_asterion
Elf:2:    serial_shops, shop_scrolls, portal_ice_cave_entry_ugly_swarm,
          nicolae_trove_entry_crystal, statue_in_the_mist_lemuel, spider_trap,
          grunt_ministairs_6, uniq_jorgrun
Elf:3:    minmay_elf_hall_curves, serial_shops, shop_fountains, shop,
          hangedman_elven_pyramids
Lab:      nicolae_lab_lava, lab_fountain, nicolae_lab_blocks, nicolae_lab_stuck,
          nicolae_lab_statue
Volcano:  volcano_tomb

Skill      XL: |  1  2  3  4  5  6  7  8  9 10 11 12 13 14 15 16 17 |
---------------+----------------------------------------------------+-----
Conjurations   | 5 6 8 9 11 12 13 14 15 16 17 18 | 18.0
Spellcasting   | 4 5 6 7 9 10 12 13 14 15 16 17 18 19 | 19.0
Charms         | 4 6 7 9 11 | 11.3
Translocations | 1 3 |  3.8
Fire Magic     | 4 8 10 13 14 15 16 17 | 17.1
Dodging        | 5 |  5.2
Fighting       | 2 4 |  4.0
Shields        | 1 4 |  4.5
Evocations     | 5 8 9 |  9.3
Stealth        | |  2.4

Action                   |  1- 3 |  4- 6 |  7- 9 | 10-12 | 13-15 | 16-18 || total
-------------------------+-------+-------+-------+-------+-------+-------++-------
Melee: Club              |     4 |       |       |       |       |       ||     4
       Unarmed           |     1 |       |       |       |       |       ||     1
       War axe           |       |     7 |    32 |       |       |       ||    39
       Flail             |       |       |    15 |    44 |       |       ||    59
       Staff             |       |       |       |     3 |       |     1 ||     4
Throw: Tomahawk          |    10 |     2 |     3 |       |       |       ||    15
 Cast: Magic Dart        |    18 |    16 |    95 |   261 |   145 |    43 ||   578
       Searing Ray       |     1 |    11 |    14 |     4 |     1 |       ||    31
       Iskenderun's Myst |       |       |     7 |    12 |    20 |       ||    39
       Iskenderun's Batt |       |       |    15 |    60 |    49 |    17 ||   141
       Fireball          |       |       |       |    61 |   143 |   132 ||   336
       Regeneration      |       |       |       |       |    17 |    10 ||    27
       Bolt of Fire      |       |       |       |       |    13 |     5 ||    18
       Blink             |       |       |       |       |     3 |       ||     3
       Sticky Flame      |       |       |       |       |     1 |     1 ||     2
       Delayed Fireball  |       |       |       |       |     1 |       ||     1
       Haste             |       |       |       |       |     1 |       ||     1
       Ring of Flames    |       |       |       |       |       |     6 ||     6
Evoke: Wand              |       |     1 |       |     8 |       |       ||     9
       Rod               |       |       |       |     9 |     7 |       ||    16
       Staff of energy   |       |       |       |       |    57 |    84 ||   141
  Use: Scroll            |     1 |     3 |     9 |    12 |    10 |     3 ||    38
       Potion            |       |       |     4 |     1 |     4 |       ||     9
 Stab: Sleeping          |       |     1 |       |       |       |       ||     1
  Eat: Chunk             |       |       |     7 |    27 |    10 |     7 ||    51
       Pizza             |       |       |       |     2 |       |       ||     2
       Fruit             |       |       |       |     1 |     2 |     4 ||     7
       Royal jelly       |       |       |       |       |     2 |       ||     2
       Beef jerky        |       |       |       |       |     1 |       ||     1
Armor: Robe              |     3 |    11 |    32 |    65 |    18 |     5 ||   134
Dodge: Dodged            |    13 |    17 |    69 |   101 |    38 |    14 ||   252
Block: Buckler           |       |       |       |       |     6 |    10 ||    16
